 Dungeon Sprint DCSS version 0.27.1 (webtiles) character file.

Game seed: 5236780471446635807

2807 styxcanada the Imperceptible (level 9, -13/48 HPs)
             Began as a Spriggan Brigand on Aug 27, 2021.
             Was an Initiate of Gozag.
             Killed by angry trees
             ... awakened by a spriggan druid
              (15 damage)
             ... in the Dungeon (Sprint IV: "Fedhas' Mad Dash").
             The game lasted 00:07:00 (1401 turns).

styxcanada the Imperceptible (Spriggan Brigand)     Turns: 1401, Time: 00:07:00

Health: -13/48     AC:  3    Str:  7    XL:     9   Next: 44%
Magic:  9/10       EV: 24    Int: 13    God:    Gozag
Gold:   1323       SH:  7    Dex: 19    Spells: 8/8 levels left

rFire    . . .     SeeInvis +   a - +2 dagger
rCold    . . .     Faith    .   n - +0 buckler
rNeg     . . .     Spirit   .   b - +0 robe
rPois    .         Reflect  .   (helmet restricted)
rElec    .         Harm     .   c - +0 cloak
rCorr    .         Rampage  .   (gloves unavailable)
Will     +....     NoTele   +   (boots unavailable)
Stlth    ++++++++..             m - amulet of invisibility {+Inv}
HPRegen  0.16/turn              (no ring)
MPRegen  0.12/turn              (no ring)

@: very slightly contaminated, invisible (expiring), very quick
A: very small, no large weapons, unfitting armour, see invisible, speed 3
a: Renounce Religion, Evoke Invisibility, Potion Petition, Call Merchant, Bribe
Branch


You were in the Dungeon.
You worshipped Gozag.
Gozag was most pleased with you.
You visited 1 branch You collected 1522 gold pieces.
You spent 199 gold pieces at shops.

Inventory:

Hand Weapons
 a - a +2 dagger (weapon)
Missiles
 d - 6 poisoned darts (quivered)
 e - 2 curare-tipped darts
Armour
 b - a +0 robe (worn)
 c - a +0 cloak (worn)
 n - a +0 buckler (worn)
Jewellery
 m - the amulet of invisibility (around neck) {+Inv}
   (You found it in the Dungeon)

   [amulet of nothing]

   +Inv:      It lets you turn invisible.
 o - a +6 ring of intelligence
Scrolls
 k - a scroll of blinking
 l - 2 scrolls of acquirement {unknown}
 p - 3 scrolls of identify
Potions
 f - a potion of curing
 g - 3 potions of heal wounds
 h - a potion of haste
 i - 2 potions of magic
 j - a potion of berserk rage


   Skills:
 * Level 6.0 Fighting
 + Level 5.3 Short Blades
 + Level 4.7 Throwing
 * Level 9.6 Dodging
 * Level 21.2 Stealth
 * Level 4.6 Shields
 * Level 11.6 Evocations


You had 8 spell levels left.
You didn't know any spells.
Your spell library was empty.

Dungeon Overview and Level Annotations

Branches:
Dungeon (1/1)

Altars:
Cheibriados
Dithmenos
Elyvilon
Gozag
Hepliaklqana
Kikubaaqudgha
Makhleb
Nemelex Xobeh
Okawaru
Qazlal
Ru
Sif Muna
Trog
Uskayaw
Vehumet
Wu Jian
Xom
Yredelemnul
Zin
The Shining One
Beogh
Jiyva
Lugonu

Shops:
D ?![!


Innate Abilities, Weirdness & Mutations

You are very small and have problems with some larger weapons.
You are too small for most types of armour.
You have supernaturally acute eyesight. (SInv)
You cover ground extremely quickly. (Speed+++)


Message History

Your magical contamination has completely faded away.
You fade into invisibility!
You are very lightly contaminated with residual magic.
You open the door.
Found a scroll labelled QETSEIHIH.
Unknown command.
There is an open door here.
Found 18 gold pieces.
A spriggan druid comes into view.
It is wielding a +0 quarterstaff and wearing a +1 robe of positive energy.
The spriggan druid shouts!
You hit the spriggan druid.
The spriggan druid is lightly wounded.
The spriggan druid barely misses you.
You hit the spriggan druid but do no damage.
The spriggan druid mumbles some strange words.
The forest starts to sway and rumble!
Throw: 8 darts (poison)
Press: ? - help, Q - select action, (/) - cycle Shift-Dir - straight line, f - spriggan druid
Aim: a spriggan druid, wielding a +0 quarterstaff and wearing a +1 robe of positive energy (42% to hit)
You throw a poisoned dart.
The poisoned dart hits the spriggan druid.
The spriggan druid is poisoned.
You flicker for a moment.
You are waved at by a branch.
The spriggan druid casts a spell at you.
The stone arrow hits you! A root smacks you from below!
The trees move their gnarly branches around.
You are hit by a branch!
* * * LOW HITPOINT WARNING * * *
Throw: 7 darts (poison)
Press: ? - help, Q - select action, (/) - cycle Shift-Dir - straight line, f/p - spriggan druid
Aim: a spriggan druid, wielding a +0 quarterstaff and wearing a +1 robe of positive energy (poisoned, 42% to hit)
You throw a poisoned dart.
The poisoned dart closely misses the spriggan druid.
A tree reaches out and hits you!
* * * LOW HITPOINT WARNING * * *
A tree reaches out and hits you!
You die...
Your body crumbles into a pile of gold.

#################################
<..P#.....#.....#.⌠._._._._.⌠.#.[
PP..).....'.#...'.)_._._._._..'..
PPPP#...÷.#.#...#..._._._._...#..
##############'##.._._._._._..#.)
...♣........'...#._._._._._.⌠.###
......♣.....#..!###############
.....♣..♣..######♣♣♣♣♣(.♣$
#'####'######.)'@.i..(♣..♣
).#....'.......#♣..♣♣♣.♣..#
..#.[###.......#.♣♣.?♣.$$♣+ $
###### ########## #######


You could see a spriggan druid (poisoned).

Vanquished Creatures
  2 oklob plants (D)
  3 burning bushes (D)
  3 wandering mushrooms (D)
  A queen bee (D)
  3 scorpions (D)
  4 killer bees (D)
  5 oklob saplings (D)
  2 spriggans (D)
  A river rat (D)
  A rat (D)
25 creatures vanquished.

Notes
Turn   | Place    | Note
-------+----------+-------------------------------------------
     0 | D        | styxcanada the Spriggan Brigand began the quest for the
                  | Orb.
     0 | D        | Reached XP level 1. HP: 10/10 MP: 2/2
     9 | D        | Reached skill level 8 in Stealth
     9 | D        | Reached XP level 2. HP: 15/15 MP: 3/3
    17 | D        | Noticed an oklob sapling
    19 | D        | Killed an oklob sapling
    20 | D        | Reached skill level 10 in Stealth
    20 | D        | Reached XP level 3. HP: 18/18 MP: 4/4
    21 | D        | Noticed a scorpion
    21 | D        | Found the amulet of invisibility {+Inv}
    23 | D        | Killed a scorpion
    24 | D        | Reached skill level 12 in Stealth
    24 | D        | Reached XP level 4. HP: 23/23 MP: 5/5
    47 | D        | Found an opulent altar of Gozag.
    47 | D        | Found a hazy altar of Hepliaklqana.
    47 | D        | Found a burning altar of Makhleb.
    47 | D        | Found a sparkling altar of Nemelex Xobeh.
    47 | D        | Found a snail-covered altar of Cheibriados.
    47 | D        | Found a sacrificial altar of Ru.
    47 | D        | Found a shimmering blue altar of Sif Muna.
    47 | D        | Found a shimmering altar of Xom.
    47 | D        | Found a basalt altar of Yredelemnul.
    48 | D        | Found a viscous altar of Jiyva.
    48 | D        | Found a bloodstained altar of Trog.
    48 | D        | Found an ornate altar of the Wu Jian Council.
    49 | D        | Found an iron altar of Okawaru.
    49 | D        | Found a shadowy altar of Dithmenos.
    49 | D        | Found a glowing silver altar of Zin.
    50 | D        | Found an ancient bone altar of Kikubaaqudgha.
    50 | D        | Found a hide-covered altar of Uskayaw.
    51 | D        | Found a stormy altar of Qazlal.
    51 | D        | Found a white marble altar of Elyvilon.
    51 | D        | Found a glowing golden altar of the Shining One.
    52 | D        | Became a worshipper of Gozag Ym Sagoz the Greedy
    53 | D        | Found a corrupted altar of Lugonu.
    53 | D        | Found a radiant altar of Vehumet.
    57 | D        | Reached skill level 13 in Stealth
    57 | D        | Reached XP level 5. HP: 28/28 MP: 3/6
   100 | D        | Reached skill level 5 in Dodging
   100 | D        | Reached skill level 14 in Stealth
   100 | D        | Reached skill level 1 in Evocations
   106 | D        | Reached skill level 15 in Stealth
   365 | D        | Found Ustryskuwk's Distillery.
   371 | D        | Found Juumae's Magic Scroll Emporium.
   374 | D        | Noticed a wandering mushroom
   375 | D        | Found Gastuxuge's Antique Armour Shoppe.
   375 | D        | Noticed a burning bush
   376 | D        | Noticed a wandering mushroom
   379 | D        | Killed a wandering mushroom
   380 | D        | Reached skill level 17 in Stealth
   380 | D        | Reached skill level 1 in Shields
   380 | D        | Reached XP level 6. HP: 22/33 MP: 4/7
   565 | D        | Killed a wandering mushroom
   566 | D        | Reached skill level 18 in Stealth
   566 | D        | Reached skill level 5 in Evocations
   566 | D        | Reached XP level 7. HP: 9/38 MP: 8/8
   955 | D        | Found Qeicwixt's Distillery.
   969 | D        | Killed a burning bush
   978 | D        | Bought a potion of degeneration for 13 gold pieces
   978 | D        | Bought a potion of heal wounds for 65 gold pieces
   978 | D        | Bought a potion of heal wounds for 65 gold pieces
   990 | D        | Bought a scroll of identify for 28 gold pieces
   990 | D        | Bought a scroll of identify for 28 gold pieces
  1156 | D        | Noticed a queen bee
  1163 | D        | Killed a queen bee
  1164 | D        | Reached skill level 19 in Stealth
  1164 | D        | Reached XP level 8. HP: 42/42 MP: 7/9
  1165 | D        | Reached skill level 5 in Fighting
  1244 | D        | Noticed an oklob plant
  1247 | D        | Killed an oklob plant
  1248 | D        | Reached skill level 20 in Stealth
  1260 | D        | Noticed a burning bush
  1262 | D        | Identified the +0 pair of gloves of Fedhas {Contam rPois
                  | rC++}
  1263 | D        | Killed a burning bush
  1264 | D        | Reached skill level 10 in Evocations
  1313 | D        | Noticed a burning bush
  1313 | D        | Noticed an oklob plant
  1314 | D        | Noticed a wandering mushroom
  1315 | D        | Killed a burning bush
  1316 | D        | Reached skill level 5 in Short Blades
  1316 | D        | Reached XP level 9. HP: 47/47 MP: 7/10
  1320 | D        | Killed an oklob plant
  1323 | D        | Reached skill level 21 in Stealth
  1324 | D        | Killed a wandering mushroom
  1391 | D        | Noticed a spriggan druid
  1400 | D        | HP: 2/48 [spriggan druid/angry trees (9)]
  1401 | D        | Killed from afar by a spriggan druid

Illustrated notes

Levels and vault maps discovered:
D:        dungeon_sprint_fedhas [sprint_temple]

Skill      XL: |  1  2  3  4  5  6  7  8  9 |
---------------+----------------------------+-----
Dodging        | 2 3 4 6 7 8 9 |  9.6
Stealth        | 8 10 12 13 17 18 19 20 21 | 21.2
Fighting       | 2 3 4 5 6 |  6.0
Short Blades   | 3 4 5 |  5.3
Evocations     | 4 5 7 10 11 | 11.6
Throwing       | 3 4 |  4.7
Shields        | 1 2 3 4 |  4.6

Action                   |  1- 3 |  4- 6 |  7- 9 || total
-------------------------+-------+-------+-------++-------
Melee: Dagger            |     4 |    15 |    30 ||    49
Throw: Dart              |       |     8 |     5 ||    13
 Abil: Evoke Invisibilit |       |     5 |     5 ||    10
  Use: Potion            |       |       |     1 ||     1
 Stab: Sleeping          |     4 |     3 |    12 ||    19
       Invisible         |       |     2 |       ||     2
Dodge: Dodged            |       |    11 |     1 ||    12
Block: Buckler           |       |     3 |     1 ||     4
